 Dungeon Crawl Stone Soup version 0.31-a0-632-g766dd24fdf (webtiles) character file.

Game seed: 16226136787703841528

4022 rjrrt the Cleaver (level 10, -3/76 HPs)
             Began as a Demonspawn Berserker on Aug 25, 2023.
             Was a High Priest of Trog.
             Slain by a two-headed ogre
             ... wielding a +0 giant spiked club
              (9 damage)
             ... on level 8 of the Dungeon.
             The game lasted 00:17:23 (6597 turns).

rjrrt the Cleaver (Demonspawn Berserker)            Turns: 6597, Time: 00:17:24

Health: -3/76      AC: 21    Str: 22    XL:     10   Next: 4%
Magic:  10/10      EV:  7    Int:  9    God:    Trog [*****.]
Gold:   240        SH:  0    Dex: 12    Spells: 9/9 levels left

rFire   . . .        a - +1 war axe (flame)
rCold   . . .        (no shield)
rNeg    . . .        h - +1 plate armour
rPois   .            (no helmet)
rElec   +            q - +0 cloak
rCorr   .            y - +0 pair of gloves
SInv    .            r - +0 pair of boots
Will    .....        (no amulet) Stlth
                     (no ring)
HPRegen 0.32/turn    (no ring)
MPRegen 0.12/turn

%: no passive effects
@: on berserk cooldown, slowed, very slow
A: hooves 2, thin metallic scales 3
a: Renounce Religion, Berserk, Trog's Hand, Brothers in Arms


You were on level 8 of the Dungeon.
You worshipped Trog.
Trog was extremely pleased with you.
You visited 1 branch of the dungeon, and saw 8 of its levels.
You also visited: Sewer.

You collected 516 gold pieces.
You spent 276 gold pieces at shops.

Inventory:

Hand Weapons
 a - a +1 war axe of flaming (weapon)
 f - a +2 trident of venom
 s - a +1 dire flail of protection
 z - a +4 heavy battleaxe
Missiles
 u - 2 boomerangs (quivered)
Armour
 h - a +1 plate armour (worn)
 q - a +0 cloak (worn)
 r - a +0 pair of boots (worn)
 y - a +0 pair of gloves (worn)
Jewellery
 j - an amulet of magic regeneration
Wands
 i - a wand of mindburst (12)
 k - a wand of polymorph (4)
 x - a wand of roots (6)
Scrolls
 b - 2 scrolls of poison
 e - a scroll of butterflies
 o - a scroll of fog
Potions
 c - a potion of might
 d - 4 potions of curing
 g - a potion of brilliance {unknown}
 l - a potion of heal wounds
 m - a potion of mutation
 n - 3 potions of attraction
 p - a potion of lignification {unknown}
 t - a potion of invisibility {unknown}
 v - a potion of magic {unknown}
 w - a potion of resistance {unknown}


   Skills:
 + Level 6.2 Fighting
 + Level 11.6 Axes
 + Level 5.2 Armour
 - Level 1.7 Dodging


You had 9 spell levels left.
You didn't know any spells.
Your spell library was empty.

Dungeon Overview and Level Annotations

Branches:
Dungeon (9/15)             Temple (0/1) D:5           Sewer (visited)
   Lair: D:8-11         Orc: D:9-12

Altars:
Nemelex Xobeh
Sif Muna

Shops:
D:3 [!?(*


Innate Abilities, Weirdness & Mutations

You have hoof-like feet.
You are completely covered in thin metallic scales. (AC +4, rElec)


Message History

The troll is heavily wounded.
You slice the troll!! You burn the troll!
You kill the troll!
Trog accepts your kill.
You have reached level 10!
Your demonic ancestry asserts itself...
Thin metallic scales cover your body completely.
You start resting.
You feel a strong urge to attack something.
You start resting.
You feel your anger nearly subside.
You are no longer berserk.
You are exhausted.
You feel yourself slow down.
You start resting.
A two-headed ogre comes into view.
It is wielding a +0 giant spiked club and a +0 giant club.
You climb downwards.
There is a stone staircase leading up here.
You start resting.
HP restored.
You climb upwards.
The two-headed ogre hits you with a +0 giant spiked club!!
The two-headed ogre hits you with a +0 giant club!
There is a stone staircase leading down, spattered with blood here.
Unknown command.
You're still recovering from your berserk rage.
You hit the two-headed ogre. You burn the two-headed ogre.
The two-headed ogre is lightly wounded.
The two-headed ogre hits you but does no damage.
The two-headed ogre hits you with a +0 giant club!
You slash the two-headed ogre! You burn the two-headed ogre.
The two-headed ogre is heavily wounded.
The two-headed ogre hits you with a +0 giant spiked club!
* * * LOW HITPOINT WARNING * * *
The two-headed ogre hits you but does no damage.
You slash the two-headed ogre! You burn the two-headed ogre.
The two-headed ogre is almost dead.
The two-headed ogre hits you with a +0 giant spiked club!
* * * LOW HITPOINT WARNING * * *
The two-headed ogre hits you with a +0 giant club!
You die...

..~~≈~≈≈≈≈≈≈≈≈~.
.....≈≈≈≈≈≈≈≈~~.
.~..≈.≈≈≈≈≈≈~..~
......~≈≈~≈~..T.
##..###.#####.#
##.......#.<....
................
...........####.
......O@...#
...........#
...#.......#
..........?..
...#.......#...
###.....##.#....
....#.## .# ...
...... .# #.


You could see a two-headed ogre.

Vanquished Creatures
  A troll (D:8)
  Prince Ribbit (D:5)
  5 slime creatures (D:9)
  A wyvern (D:9)
  2 steam dragons
  Menkaure (D:4)
  A water moccasin (D:5)
  Edmund (D:5)
  Duvessa (D:4)
  2 black bears (D:5)
  An orc warrior (D:6)
  An ice beast (D:5)
  3 ogres
  A phantom (D:6)
  2 bullfrogs (Sewer)
  Dowan (D:4)
  An electric eel (D:8)
  4 howler monkeys (D:9)
  5 hounds
  3 jellies
  A gnoll bouda (D:5)
  2 orc priests
  A sleepcap (D:5)
  An iguana (D:6)
  8 orc wizards
  2 human simulacra (D:9)
  8 gnolls
  9 adders
  A shadow imp (D:5)
  2 ufetubi
  A worm (D:2)
  4 dart slugs
  13 orcs
  23 ball pythons
  17 endoplasms
  15 giant cockroaches
  9 goblins
  6 hobgoblins
  5 kobolds
  16 quokkas
  7 bats
  12 frilled lizards
  9 rats
  A spectral hobgoblin (D:2)
211 creatures vanquished.

Vanquished Creatures (others)
  An orc (D:9)
1 creature vanquished.

Grand Total: 212 creatures vanquished

Notes
Turn   | Place    | Note
-------+----------+-------------------------------------------
     0 | D:1      | rjrrt the Demonspawn Berserker began the quest for the Orb.
     0 | D:1      | Reached XP level 1. HP: 18/18 MP: 1/1
    29 | D:1      | Reached skill level 3 in Axes
   342 | D:1      | Gained mutation: You have large cloven feet. [demonic
                  | ancestry]
   342 | D:1      | Reached XP level 2. HP: 23/24 MP: 2/2
   765 | D:2      | Reached ** piety under Trog
   781 | D:2      | Reached XP level 3. HP: 20/29 MP: 3/3
   847 | D:2      | Reached skill level 4 in Axes
   953 | D:2      | Found a faded altar of an unknown god.
  1351 | D:2      | Reached XP level 4. HP: 35/35 MP: 4/4
  1367 | D:2      | Identified the ring "Xuarop" {rF- MP+9 Int+4}
  1767 | D:3      | Found Esyckuc's Antique Armour Shoppe.
  1826 | D:3      | Found Cedoteon's Distillery.
  1863 | D:3      | Bought a potion of curing for 36 gold pieces
  1863 | D:3      | Bought a potion of heal wounds for 60 gold pieces
  1863 | D:3      | Bought a potion of mutation for 96 gold pieces
  1863 | D:3      | Bought a potion of degeneration for 12 gold pieces
  1872 | D:3      | Found Zinuameb's Magic Scroll Shop.
  1922 | D:3      | Bought a scroll of identify for 22 gold pieces
  1935 | D:3      | Identified the +10 short sword of Jolet {flame, *Rage *Slow
                  | rF+++ Str+6}
  1943 | D:3      | Found Jyts's Antique Weapon Shoppe.
  1946 | D:3      | Found Yffuxogo's Assorted Antiques.
  1953 | D:3      | Reached *** piety under Trog
  1996 | D:3      | Reached skill level 5 in Axes
  2341 | D:3      | Bought a scroll labelled ZIENAT RIEGE for 25 gold pieces
  2341 | D:3      | Bought a scroll labelled SUKIWU WUEGH for 25 gold pieces
  2408 | D:4      | Found a shimmering blue altar of Sif Muna.
  2576 | D:4      | Noticed Menkaure
  2580 | D:4      | Killed Menkaure
  2581 | D:4      | Reached skill level 6 in Axes
  2581 | D:4      | Reached XP level 5. HP: 41/41 MP: 5/5
  2592 | D:4      | Reached XP level 6. HP: 47/47 MP: 6/6
  3068 | D:4      | Noticed Duvessa
  3069 | D:4      | Noticed Dowan
  3073 | D:4      | Killed Duvessa
  3074 | D:4      | Reached skill level 7 in Axes
  3074 | D:4      | Killed Dowan
  3227 | D:5      | Entered Level 5 of the Dungeon
  3298 | D:5      | Gained mutation: You are partially covered in thin metallic
                  | scales. (AC +2) [demonic ancestry]
  3298 | D:5      | Reached XP level 7. HP: 52/52 MP: 7/7
  3372 | D:5      | Reached skill level 8 in Axes
  3510 | D:5      | Found a glowing drain.
  3530 | Sewer    | Entered a sewer
  3598 | Sewer    | Reached **** piety under Trog
  3817 | Sewer    | Reached ***** piety under Trog
  3818 | Sewer    | Reached skill level 9 in Axes
  3818 | Sewer    | Gained mutation: You are mostly covered in thin metallic
                  | scales. (AC +3) [demonic ancestry]
  3818 | Sewer    | Reached XP level 8. HP: 50/58 MP: 8/8
  4374 | D:5      | Noticed Edmund
  4382 | D:5      | Killed Edmund
  4383 | D:5      | Reached skill level 10 in Axes
  4539 | D:5      | Found a staircase to the Ecumenical Temple.
  4551 | D:5      | Noticed Prince Ribbit
  4561 | D:5      | Killed Prince Ribbit
  4903 | D:5      | HP: 1/58 [poisoned by a water moccasin]
  5208 | D:5      | Gained mutation: You have hoof-like feet. [demonic
                  | ancestry]
  5208 | D:5      | Reached XP level 9. HP: 38/65 MP: 9/9
  5548 | D:6      | Found a sparkling altar of Nemelex Xobeh.
  5894 | D:6      | You fall into a shaft and drop 3 floors!
  5916 | D:9      | Reached skill level 11 in Axes
  5984 | D:9      | Reached skill level 5 in Fighting
  6304 | D:9      | Received a gift from Trog
  6408 | D:9      | Reached skill level 5 in Armour
  6461 | D:8      | Noticed a troll
  6579 | D:8      | Killed a troll
  6580 | D:8      | Gained mutation: You are completely covered in thin
                  | metallic scales. (AC +4, rElec) [demonic ancestry]
  6580 | D:8      | Reached XP level 10. HP: 76/76 MP: 10/10
  6584 | D:8      | Noticed a two-headed ogre
  6597 | D:8      | Slain by a two-headed ogre

Illustrated notes

Levels and vault maps discovered:
D:1:      sevenhm_arrival_forest_fort_small_5, layout_basic,
          hangedman_decor_push, serial_bayou_pond_e
D:2:      minmay_razor_zed, layout_basic,
          dreamdust_ecumenical_altar_drowned_temple,
          ebering_dispersal_statue_hall, kennysheep_pointless_box
D:3:      minmay_diamond_boxcup, layout_basic, serial_shops, shop_statue,
          nicolae_shop_advertising_works [nicolae_subvault_shop_adworks], shop,
          nicolae_shop_industrial_runoff, shop, kennysheep_minor_cross
D:4:      layout_basic, nicolae_overflow_hidden_temple, uniq_duvessa,
          uniq_menkaure
D:5:      layout_loops_ring, gammafunk_temple_overflow_elements,
          minmay_temple_entry_mist, portal_sewer_entry_f,
          minmay_misc_feat_ornament, uniq_edmund, uniq_prince_ribbit1
D:6:      layout_cave_pools, nemelex_xobeh_ov_fountains_minmay,
          dk_noncrumbling_4
D:8:      layout_rooms, old_standard_altar, cheibriados_altar_1,
          mainiacjoe_overflow_catch_the_wave, erik_lair_island
D:9:      layout_roguey, david_orc_4, grunt_ministairs_9, bh_circular_ruins

Skill      XL: |  1  2  3  4  5  6  7  8  9 |
---------------+----------------------------+-----
Axes           | 3 4 6 7 9 10 11 | 11.6
Armour         | 2 5 |  5.2
Fighting       | 6 |  6.2
Dodging        | |  1.7

Action                     |  1- 3 |  4- 6 |  7- 9 | 10-12 || total
---------------------------+-------+-------+-------+-------++-------
  Melee: Hand axe          |    96 |    80 |       |       ||   176
         Kick              |    10 |    30 |    19 |       ||    59
         War axe           |       |    33 |   308 |     3 ||   344
         Punch             |       |       |     3 |       ||     3
 Invoke: Berserk           |     2 |     4 |    11 |       ||    17
    Use: Scroll            |       |    14 |     1 |       ||    15
         Potion            |       |       |     2 |       ||     2
   Stab: Sleeping          |     1 |       |       |       ||     1
 Armour: Animal skin       |    19 |       |       |       ||    19
         Plate armour      |    12 |    60 |   229 |     2 ||   303
  Dodge: Dodged            |    48 |    37 |   101 |       ||   186

Table legend: (Time is in decaauts)
 A = Elapsed time spent in this place.
 B = Non-inter-level travel time spent in this place.
 C = Inter-level travel time spent in this place.
 D = Time resting spent in this place.
 E = Time spent auto-exploring this place.
 F = Levels seen in this place.
 G = Mean time per level.
                   A        B        C        D        E       F      G
               +--------+--------+--------+--------+--------+-----+--------+
         Total |   6862 |   6654 |    208 |   1294 |   3210 |   9 |  762.4 |
       Dungeon |   6462 |   6254 |    208 |   1294 |   3184 |   8 |  807.8 |
         Sewer |    400 |    400 |      0 |      0 |     26 |   1 |  400.0 |
               +--------+--------+--------+--------+--------+-----+--------+

Top non-repeatable levels by time:
     D:5: 1713 daAuts
     D:4: 1038 daAuts
     D:2: 1021 daAuts
     D:1: 708 daAuts
     D:9: 675 daAuts
     D:3: 663 daAuts
     D:6: 606 daAuts
   Sewer: 400 daAuts
     D:8: 34 daAuts
